 Dungeon Crawl Stone Soup version 0.31-a0-232-gb1c03b2570 (webtiles) character file.

Game seed: 14785455082568356451

119 qw the Shooter (level 5, -2/30 HPs)
             Began as a Gargoyle Hexslinger on July 7, 2023.
             Was an Initiate of Okawaru.
             Slain by a gnoll bouda
             ... wielding a +0 club
              (6 damage)
             ... on level 4 of the Dungeon.
             The game lasted 00:01:09 (2659 turns).

qw the Shooter (Gargoyle Hexslinger)                Turns: 2659, Time: 00:01:09

Health: -2/30      AC:  8    Str: 12    XL:     5   Next: 3%
Magic:  6/6        EV: 11    Int: 13    God:    Okawaru [......]
Gold:   163        SH:  0    Dex: 14    Spells: 5/6 levels left

rFire   . . .        Y - +2 sling
rCold   . . .        (no shield)
rNeg    + . .        j - +0 leather armour
rPois   inf          (no helmet)
rElec   +            (no cloak)
rCorr   .            d - +0 pair of gloves
SInv    .            (no boots)
Will    .....        (no amulet)
Stlth   +            (no ring)
HPRegen 0.25/turn    (no ring)
MPRegen 0.10/turn

%: no passive effects
@: weakened
A: sickness immunity, AC +4, negative energy resistance 1, electricity
resistance, torment resistance 1, petrification resistance
a: Renounce Religion


You were on level 4 of the Dungeon.
You worshipped Okawaru.
Okawaru was noncommittal.
You visited 1 branch of the dungeon, and saw 4 of its levels.

You collected 163 gold pieces.


Innate Abilities, Weirdness & Mutations

You are immune to sickness and miasma.
Your stone body is resilient. (AC +4)
You are immune to poison.
You resist negative energy. (rN+)
You are resistant to electric shocks. (rElec)
You are resistant to unholy torment.
You are immune to petrification.


   Skills:
 - Level 2.0 Fighting
 + Level 4.7 Ranged Weapons
 - Level 1.5 Dodging
 - Level 1.0 Spellcasting
 - Level 2.6 Hexes


You had 5 spell levels left.
You knew the following spells:

 Your Spells              Type           Power      Damage    Failure   Level
a - Slow                  Hex            28%        N/A       12%         1

Your spell library contained the following spells:

 Spells                   Type           Power      Damage    Failure   Level
 Inner Flame              Hex/Fire       4%         N/A       52%         3
 Portal Projectile        Hex/Tloc       8%         N/A       52%         3
 Cause Fear               Hex            3%         N/A       75%         4

Inventory:

Hand Weapons
 Y - a +2 sling (weapon)
Armour
 d - a +0 pair of gloves (worn)
 j - a +0 leather armour (worn)
Scrolls
 i - a scroll of identify
Potions
 c - a potion of mutation
 e - a potion of resistance {unknown}
 f - 3 potions of curing
 g - a potion of heal wounds {unknown}
 h - a potion of enlightenment {unknown}

Dungeon Overview and Level Annotations

Branches:
Dungeon (4/15)
 Temple: D:4-7

Altars:
Fedhas
Gozag
Makhleb
Okawaru
Yredelemnul

Shops:
D:1 *


Message History

The sling bullet hits the gnoll.
The gnoll is moderately wounded.
The gnoll bouda closely misses you.
You shoot a sling bullet.
The sling bullet hits the gnoll bouda but does no damage.
The gnoll bouda is heavily wounded.
The gnoll hits you with a +0 club.
The gnoll bouda calls upon its god to heal the gnoll.
The gnoll's wounds heal themselves!
The gnoll shouts!
You shoot a sling bullet.
The sling bullet closely misses the gnoll bouda.
The sling bullet barely misses the gnoll.
The gnoll hits you with a +0 club.
The gnoll bouda hits you with a +0 club. x2
The gnoll hits you with a +0 club.
You shoot a sling bullet. The sling bullet hits the gnoll bouda.
The gnoll bouda is severely wounded.
The gnoll is no longer moving quickly.
The sleepcap releases spores at you. The gnoll closely misses you.
The gnoll bouda hits you but does no damage.
You shoot a sling bullet.
The sling bullet barely misses the gnoll bouda.
The sling bullet hits the gnoll but does no damage.
The sleepcap releases spores at you. The gnoll hits you with a +0 club.
The gnoll bouda misses you.
You shoot a sling bullet.
The sling bullet barely misses the gnoll bouda.
The sling bullet hits the gnoll.
The gnoll is lightly wounded.
The sleepcap completely misses you. The gnoll hits you with a +0 club.
The gnoll bouda barks out a call to the hunt!
The gnoll picks up the pace!
You shoot a sling bullet. The sling bullet hits the gnoll bouda.
The gnoll bouda is almost dead.
The sleepcap releases spores at you. The gnoll barely misses you.
The gnoll bouda gazes fiercely through you!
You feel your attacks grow feeble.
The gnoll bouda hits you with a +0 club.
You die...

..............#
..............# .!....
..............# ...[.
..............## ....
#..............# ..h# ##
+..<#..........# ...#...
#...#..........# .......
......#'######.##gg.....
.#.............f@gg..<..
+.......#.....####....#
#####...#......... ..#
#...#.......... .
#...#...........
#...#...........
#...#..........#
#...#....##...##
#...#....# .#


You could see a sleepcap, a gnoll bouda, a hound and 3 gnolls.

Vanquished Creatures
  4 adders (D:2)
  A gnoll (D:4)
  2 worms (D:2)
  A dart slug (D:1)
  4 endoplasms
  5 giant cockroaches
  4 goblins
  6 hobgoblins
  3 quokkas
  5 ball pythons
  8 bats
  6 frilled lizards
  5 kobolds
  12 rats
66 creatures vanquished.

Notes
Turn   | Place    | Note
-------+----------+-------------------------------------------
     0 | D:1      | qw the Gargoyle Hexslinger began the quest for the Orb.
     0 | D:1      | Reached XP level 1. HP: 12/12 MP: 2/2
     0 | D:1      | 0 ||| qw: Version: 0.3-a-46-gb1f654a
     0 | D:1      | 0 ||| qw: Game counter: 2514
     0 | D:1      | 0 ||| qw: Melee chars always use a shield: true
     0 | D:1      | 0 ||| qw: God list: Okawaru
     0 | D:1      | 0 ||| qw: Allow faded altars: false
     0 | D:1      | 0 ||| qw: Do Orc after clearing Dungeon:15 true
     0 | D:1      | 0 ||| qw: Do second Lair branch before Depths: true
     0 | D:1      | 0 ||| qw: Lair rune preference: random
     0 | D:1      | 0 ||| qw: Goals: Normal
     0 | D:1      | 0 ||| PLANNING D:1-11
   141 | D:1      | Found Xeupix's General Store.
   160 | D:1      | You fall into a shaft and drop 1 floor!
   189 | D:2      | 189 ||| FLEEEEING.
   190 | D:2      | 190 ||| FLEEEEING.
   191 | D:2      | 191 ||| FLEEEEING.
   193 | D:2      | 193 ||| FLEEEEING.
   194 | D:2      | 194 ||| FLEEEEING.
   195 | D:2      | 195 ||| FLEEEEING.
   196 | D:2      | 196 ||| STAIRDANCE
   290 | D:1      | Reached XP level 2. HP: 16/16 MP: 3/3
   361 | D:1      | 361 ||| SHOPLISTING +3 ring mail of willpower (260 gold,
                  | have 26).
   361 | D:1      | 361 ||| SHOPLISTING 2 potions of heal wounds (100 gold,
                  | have 26).
   361 | D:1      | 361 ||| SHOPLISTING potion of heal wounds (50 gold, have
                  | 26).
   361 | D:1      | 361 ||| SHOPLISTING scroll of enchant armour (75 gold, have
                  | 26).
   361 | D:1      | 361 ||| SHOPLISTING scroll of teleportation (30 gold, have
                  | 26).
   380 | D:1      | Reached skill level 3 in Ranged Weapons
   499 | D:1      | Found a faded altar of an unknown god.
   822 | D:1      | 822 ||| UPGRADING to +0 pair of gloves.
   827 | D:1      | 827 ||| UPGRADING to +0 leather armour.
   837 | D:1      | 837 ||| DROPPING +0 robe.
   838 | D:1      | 838 ||| READING scroll labelled ANOULAV VEOSMYUHO.
   839 | D:1      | 839 ||| READING scroll labelled VUBOUQ RUEXYDO.
   840 | D:1      | 840 ||| DRINKING 2 red potions.
   841 | D:1      | 841 ||| DROPPING scroll of poison.
   914 | D:2      | Reached XP level 3. HP: 21/21 MP: 4/4
   935 | D:2      | Found a blossoming altar of Fedhas.
  1065 | D:2      | Reached XP level 4. HP: 13/26 MP: 5/5
  1127 | D:2      | Reached skill level 4 in Ranged Weapons
  1708 | D:2      | 1708 ||| READING scroll labelled LIMPO OZOIGRY ZER.
  1709 | D:2      | 1709 ||| READING scroll labelled XIAVVA VYGA.
  1710 | D:2      | 1710 ||| READING scroll labelled PEUH WOCWED.
  1711 | D:2      | 1711 ||| READING 2 scrolls of identify.
  1711 | D:2      | 1711 ||| IDENTIFYING clear potion
  1712 | D:2      | 1712 ||| DROPPING potion of brilliance.
  1928 | D:3      | Found an iron altar of Okawaru.
  1929 | D:3      | 1929 ||| PLANNING OKAWARU WORSHIP
  1930 | D:3      | 1930 ||| READING 2 scrolls of identify.
  1930 | D:3      | 1930 ||| IDENTIFYING green potion
  1934 | D:3      | Became a worshipper of Warmaster Okawaru
  1935 | D:3      | 1935 ||| PLANNING D:1-11
  1942 | D:3      | Found an opulent altar of Gozag.
  1945 | D:3      | Found a basalt altar of Yredelemnul.
  2084 | D:3      | Found a burning altar of Makhleb.
  2409 | D:3      | 2409 ||| READING 2 scrolls labelled DOUT NOAMI.
  2413 | D:3      | 2413 ||| READING scroll labelled QOCUYRCHEFF.
  2414 | D:3      | 2414 ||| READING scroll labelled QAECEI ATEMP.
  2495 | D:4      | 2495 ||| FLEEEEING.
  2496 | D:4      | 2496 ||| FLEEEEING.
  2497 | D:4      | 2497 ||| FLEEEEING.
  2498 | D:4      | 2498 ||| FLEEEEING.
  2499 | D:4      | 2499 ||| FLEEEEING.
  2500 | D:4      | 2500 ||| FLEEEEING.
  2501 | D:4      | 2501 ||| FLEEEEING.
  2503 | D:4      | 2503 ||| FLEEEEING.
  2504 | D:4      | 2504 ||| FLEEEEING.
  2505 | D:4      | 2505 ||| FLEEEEING.
  2506 | D:4      | 2506 ||| FLEEEEING.
  2526 | D:4      | HP: 5/26 [sleepcap (4)]
  2527 | D:4      | 2527 ||| READING scroll of teleportation.
  2653 | D:4      | Reached XP level 5. HP: 30/30 MP: 6/6
  2658 | D:4      | HP: 7/30 [gnoll/+0 club[a gnoll bouda] (2)]
  2659 | D:4      | Slain by a gnoll bouda

Levels and vault maps discovered:
D:1:      dpeg_arrival_circle_labyrinth_c, layout_rooms,
          shapermc_ecumenical_altar_mp_vishouse, serial_forest,
          infiniplex_forest_diagonal, infiniplex_forest_clump_medium,
          infiniplex_forest_end_double, infiniplex_forest_straight_2,
          infiniplex_forest_clump_double, infiniplex_forest_clump_double,
          infiniplex_forest_lined_room_3, serial_shops, nicolae_square_shop
D:2:      layout_loops_ring, basic_altar, kennysheep_big_empty_room,
          minmay_misc_feat_square, corexii_corridor_pit, minmay_rat_gold_closets
D:3:      layout_loops_ring, grunt_temple_overflow_cloverleaf,
          kennysheep_crisscross, kennysheep_minor_cross,
          nicolae_twisty_statue_hallways
D:4:      layout_basic, roderic_batcave, chequers_garden

Skill      XL: |  1  2  3  4 |
---------------+-------------+-----
Ranged Weapons | 3 4 |  4.7
Fighting       | 2 |  2.0
Dodging        | |  1.5
Spellcasting   | |  1.0
Hexes          | |  2.6

Action                     |  1- 3 |  4- 6 || total
---------------------------+-------+-------++-------
   Fire: Sling             |   110 |   157 ||   267
    Use: Scroll            |     2 |     9 ||    11
         Potion            |     1 |       ||     1
 Armour: Robe              |     7 |       ||     7
         Leather armour    |    29 |    28 ||    57
  Dodge: Dodged            |    42 |    63 ||   105

Table legend:
 A = Non-vault XP
 B = Vault XP
 C = Vault XP percentage of total XP
 D = Non-vault monster count
 E = Vault monster count
 F = Vault count percentage of total count
                 A         B        C        D         E       F
            +---------+---------+-------+---------+---------+-------
      Total |     163 |       8 |   4.7 |      58 |       8 |  12.1
            +---------+---------+-------+---------+---------+-------
        D:1 |      33 |       0 |   0.0 |      20 |       0 |   0.0
        D:2 |      86 |       8 |   8.5 |      20 |       8 |  28.6
        D:3 |      23 |       0 |   0.0 |      13 |       0 |   0.0
        D:4 |      21 |       0 |   0.0 |       5 |       0 |   0.0
            +---------+---------+-------+---------+---------+-------
